General information
- name: fart
- type: Custom game
- host: HERNaNDO
- saver: HERNaNDO
map: EchoIsles
- players: 3
- length: 11:45
- speed: Fast
- version: 1.21 W3XP
- replay type: Public
» download(44 KB)
Players
team 1 (winner)
1st_Panzer_Div. (
purple | 122 APM | 1434 actions | 11:45)
3 Death Knight
2 Death Coil
1 Unholy Aura
3 Lich
1 Frost Armor
2 Frost Nova
2 Goblin Tinker
1 Pocket Factory
1 Engineering Upgrade
» actions
| Assign group hotkey | 196 | |
| Basic commands | 145 | |
| Build / train | 43 | |
| ESC pressed | 3 | |
| Enter build submenu | 20 | |
| Enter hero's abilities submenu | 8 | |
| Remove unit from queue | 1 | |
| Right click | 258 | |
| Select / deselect | 255 | |
| Select group hotkey | 450 | |
| Use ability | 55 | |
1434 total
» units
| Acolyte | 3 | |
| Ghoul | 5 | |
| Crypt Fiend | 5 | |
| Obsidian Statue | 2 | |
| Necromancer | 2 | |
| Banshee | 1 | |
18 total
» upgrades
| Exhume Corpses | 1 | |
| Necromancer Training | 2 | |
| Unholy Strength | 1 | |
| Skeletal Longevity | 1 | |
| Ghoul Frenzy | 1 | |
| Skeletal Mastery | 1 | |
| Web | 1 | |
8 total
» buildings
| Crypt | 1 | |
| Ziggurat | 5 | |
| Altar of Darkness | 2 | |
| Graveyard | 1 | |
| Tomb of Relics | 1 | |
| Nerubian Tower | 1 | |
| Halls of the Dead | 1 | |
| Slaughterhouse | 1 | |
| Temple of the Damned | 1 | |
| Black Citadel | 1 | |
15 total
» build order
00:06 Crypt
00:08 Ziggurat
00:25 Altar of Darkness
00:26 Altar of Darkness
01:17 Graveyard
02:04 Tomb of Relics
02:25 Ziggurat
02:35 Nerubian Tower
03:11 Halls of the Dead
03:57 Ziggurat
04:12 Ziggurat
06:11 Slaughterhouse
06:46 Temple of the Damned
07:45 Black Citadel
08:53 Ziggurat
» items
| Rod of Necromancy | 1 | |
| Dust of Appearance | 1 | |
2 total
team 2 (loser)
GOKUMaN69 (
orange | 105 APM | 1227 actions | 11:44)
3 Blademaster
2 Wind Walk
1 Critical Strike
3 Tauren Chieftain
1 War Stomp
2 Endurance Aura
» actions
| Assign group hotkey | 30 | |
| Build / train | 47 | |
| Enter build submenu | 15 | |
| Enter hero's abilities submenu | 6 | |
| Give item / drop item | 2 | |
| Remove unit from queue | 1 | |
| Right click | 649 | |
| Select / deselect | 240 | |
| Select group hotkey | 171 | |
| Use ability | 66 | |
1227 total
» units
| Peon | 8 | |
| Grunt | 4 | |
| Raider | 2 | |
| Wind Rider | 3 | |
| Kodo Beast | 1 | |
18 total
» upgrades
| Berserker Strength | 1 | |
| Ensnare | 1 | |
2 total
» buildings
| Altar of Storms | 1 | |
| Orc Burrow | 5 | |
| Barracks | 1 | |
| Voodoo Lounge | 1 | |
| Stronghold | 1 | |
| War Mill | 1 | |
| Beastiary | 2 | |
| Great Hall | 2 | |
| Fortress | 1 | |
15 total
» build order
00:05 Altar of Storms
00:24 Orc Burrow
00:39 Barracks
01:34 Orc Burrow
01:55 Voodoo Lounge
03:06 Stronghold
03:58 Orc Burrow
05:20 War Mill
05:40 Beastiary
06:12 Beastiary
07:44 Orc Burrow
07:48 Great Hall
08:48 Great Hall
08:53 Fortress
09:20 Orc Burrow
» items
| Healing Salve | 8 | |
| Scroll of Speed | 2 | |
| Lesser Clarity Potion | 1 | |
11 total
refereesHERNaNDO Chat log
(00:10 / All) GOKUMaN69: gl
(00:13 / All) 1st_Panzer_Div.: hf
(00:20 / All) HERNaNDO: bl dhf
(00:38 / All) HERNaNDO: :OP
(00:41 / All) 1st_Panzer_Div.: st
(01:02 / All) 1st_Panzer_Div.: hmm
(01:28 / All) 1st_Panzer_Div.: don't usually play this map, can't fit my graveyard anyhwere
(01:38 / All) 1st_Panzer_Div.: yea
(01:42 / All) 1st_Panzer_Div.: this is one of the vetoes
(01:45 / All) 1st_Panzer_Div.: blademaster owns this map
(02:09 / All) 1st_Panzer_Div.: yea
(02:16 / All) 1st_Panzer_Div.: lol this base owns
(02:39 / All) 1st_Panzer_Div.: as far as I can tell
(02:44 / All) 1st_Panzer_Div.: high above is the place
(02:48 / All) 1st_Panzer_Div.: where we made towers
(06:16 / All) 1st_Panzer_Div.: going back
(06:23 / All) 1st_Panzer_Div.: oh
(06:30 / All) 1st_Panzer_Div.: thought you would
(06:53 / All) 1st_Panzer_Div.: Greed is good
(07:05 / All) HERNaNDO: if u cant beat de comp..
(07:26 / All) 1st_Panzer_Div.: ?
(07:32 / All) 1st_Panzer_Div.: yea and got a thing
(08:07 / All) 1st_Panzer_Div.: ugh
(08:38 / All) 1st_Panzer_Div.: gosu
(11:04 / All) 1st_Panzer_Div.: gg
(11:30 / All) 1st_Panzer_Div.: wat?
(11:37 / All) 1st_Panzer_Div.: ea no